 Dungeon Sprint DCSS version 0.26-a0-259-g1effd001a9 (webtiles) character file.

Game seed: 4515216928444921065

105 Apogee the Cleaver (level 4, -5/39 HPs)
             Began as a Hill Orc Fighter on July 17, 2020.
             Slain by a demonic crawler (6 damage)
             ... summoned by a deep elf mage
             ... in the Dungeon (Sprint III: "The Ten Rune Challenge").
             The game lasted 00:01:27 (700 turns).

Apogee the Cleaver (Hill Orc Fighter)                Turns: 700, Time: 00:01:29

Health: -5/39      AC:  6    Str: 19    XL:     4   Next: 83%
Magic:  4/4        EV:  9    Int:  8    God:
Gold:   0          SH:  0    Dex: 10    Spells: 3/3 levels left

rFire    . . .     SeeInvis .   a - +0 war axe
rCold    . . .     Faith    .   (no shield)
rNeg     . . .     Spirit   .   b - +0 scale mail
rPois    .         Reflect  .   (no helmet)
rElec    .         Harm     .   (no cloak)
rCorr    .         NoTele   +   (no gloves)
MR       .....                  (no boots)
Stlth    ..........             (no amulet)
HPRegen  0.13/turn              (no ring)
MPRegen  0.09/turn              (no ring)

@: berserk cooldown, hasted, lightly drained, very quick
A: no striking features
a: no special abilities


You were in the Dungeon.
You were not hungry.

You visited 1 branch

Inventory:

Hand Weapons
 a - a +0 war axe (weapon)
Armour
 b - a +0 scale mail (worn)
 c - a +0 kite shield
Scrolls
 k - a scroll of blinking
Potions
 d - a potion of might
 e - a potion of curing
 g - 2 potions of heal wounds
 i - 2 potions of magic
Comestibles
 f - 2 rations


   Skills:
 * Level 3.6(3.2) Fighting
 + Level 11.8(11.3) Axes
 - Level 3.2(2.8) Armour
 - Level 3.2(2.8) Shields


You had 3 spell levels left.
You didn't know any spells.
Your spell library was empty.

Dungeon Overview and Level Annotations

Branches:
Dungeon (1/1)

Altars:
Elyvilon
Zin
The Shining One


Message History

You swing at nothing.
The deep elf mage gestures wildly while chanting.
There is an open door here.
You barely miss the deep elf mage. You barely miss the hell rat.
The hell rat bites you!
You feel drained. The deep elf mage barely misses you.
You completely miss the deep elf mage. You hit the hell rat but do no damage.
You hit the demonic crawler.
The demonic crawler hits you but does no damage.
The demonic crawler barely misses you. The demonic crawler hits you!
* * * LOW HITPOINT WARNING * * *
The hell rat bites you but does no damage.
Unknown command.
You slash the deep elf mage!
The deep elf mage is moderately wounded.
You barely miss the demonic crawler.
Your scale mail prevents you from hitting the hell rat.
The deep elf mage hits you with a +0 long sword of holy wrath.
* * * LOW HITPOINT WARNING * * *
The demonic crawler hits you.
You die...

▓▓▓ ♣.##### .. ♣♣.#___#
##....♣ ♣..#.se#
.#....≈♣ ♣..###@#+###+
.#...≈≈♣♣ ♣♣.#...r......
.#..≈≈≈≈♣♣♣..'.⌠........
'#..≈≈≈≈≈≈...#...######+
.#.≈≈≈≈≈≈....#.⌠.#
.#.≈≈≈≈≈.....#...#
.#.≈≈≈.......#+###
##...........#
.............#


You could see a demonic crawler (summoned), a deep elf mage and a hell rat
(summoned).

Vanquished Creatures
  A water elemental (D)
  Jessica (D)
  A human (D)
  A phantom (D)
  2 rats (D)
6 creatures vanquished.

Notes
Turn   | Place    | Note
-------+----------+-------------------------------------------
     0 | D        | Apogee the Hill Orc Fighter began the quest for the Orb.
     0 | D        | Reached XP level 1. HP: 19/19 MP: 1/1
    11 | D        | Reached skill level 3 in Axes
    13 | D        | Reached skill level 4 in Axes
    65 | D        | Noticed Jessica
    70 | D        | Killed Jessica
    70 | D        | Reached skill level 8 in Axes
    70 | D        | Reached XP level 2. HP: 12/26 MP: 2/2
    70 | D        | Reached XP level 3. HP: 15/31 MP: 3/3
   261 | D        | Reached skill level 9 in Axes
   647 | D        | Noticed a water elemental
   653 | D        | Killed a water elemental
   653 | D        | Reached skill level 11 in Axes
   653 | D        | Reached XP level 4. HP: 39/39 MP: 4/4
   691 | D        | Found a glowing silver altar of Zin.
   692 | D        | Found a glowing golden altar of the Shining One.
   692 | D        | Found a white marble altar of Elyvilon.
   692 | D        | Noticed a deep elf mage
   697 | D        | Noticed a demonic crawler
   700 | D        | HP: 1/39 [deep elf mage/+0 long sword of holy wrath (3)]
   700 | D        | Slain by a demonic crawler

Illustrated notes

Levels and vault maps discovered:
D:        dungeon_sprint_mu [sprint_mu_entry_forest, sprint_mu_temple_rooms,
          sprint_mu_d1_horrors, sprint_mu_d2_genie, sprint_mu_d3_branching,
          sprint_mu_orc_legion, sprint_mu_elf_gauntlet, sprint_mu_hive_nellie,
          sprint_mu_lair_fedhas, sprint_mu_vaults_butterflies,
          sprint_mu_slime_circle, sprint_mu_swamp_cave, sprint_mu_shoals_kraken,
          sprint_mu_blade_basic, sprint_mu_crypt_fortress,
          sprint_mu_tomb_spiral, sprint_mu_vestibule_basic,
          sprint_mu_gehenna_hellfire, sprint_mu_dis_giant,
          sprint_mu_tartarus_statrot, sprint_mu_cocytus_islands, sprint_mu_zot1]

Skill      XL: |  1  2  3 |
---------------+----------+-----
Axes           | 8 11 | 11.8
Fighting       | |  3.6
Armour         | |  3.2
Shields        | |  3.2

Action                   |  1- 3 |  4- 6 || total
-------------------------+-------+-------++-------
Melee: War axe           |    34 |     3 ||    37
  Use: Potion            |     1 |     1 ||     2
Armor: Scale mail        |    10 |     2 ||    12
Dodge: Dodged            |    17 |     2 ||    19

Table legend:
 A = Non-vault XP
 B = Vault XP
 C = Vault XP percentage of total XP
 D = Non-vault monster count
 E = Vault monster count
 F = Vault count percentage of total count
                 A         B        C        D         E       F
            +---------+---------+-------+---------+---------+-------
      Total |       0 |     151 | 100.0 |       0 |       6 | 100.0
            +---------+---------+-------+---------+---------+-------
          D |       0 |     151 | 100.0 |       0 |       6 | 100.0
            +---------+---------+-------+---------+---------+-------
